 Dungeon Crawl Stone Soup version bcrawl-1.19.1 (webtiles) character file.

Game seed: 9710594903863135890

59 Freyura the Chopper (level 3, 0/22 HPs)
             Began as a Skeleton Gladiator on Dec 8, 2019.
             Slain by Robin
             ... wielding a +0 mace
              (1 damage)
             ... on level 2 of the Dungeon.
             The game lasted 00:03:58 (1220 turns).

Freyura the Chopper (Skeleton Gladiator)            Turns: 1220, Time: 00:03:59

Health: 0/22       AC:  6    Str: 19 (20) XL:     3   Next: 78%
Magic:  0/3        EV: 12    Int:  6      God:
Gold:   185        SH:  0    Dex:  9 (11) Spells: 2/2 levels left

rFire    . . .     SeeInvis .   a - +0 war axe
rCold    + . .     Gourm    .   (no shield)
rNeg     + + +     Faith    .   i - +0 ring mail
rPois    ∞         Spirit   +   c - +0 helmet
rElec    .         Reflect  .   (no cloak)
rCorr    .         Harm     .   (no gloves)
MR       .....                  (no boots)
Stlth    +.........             h - amulet of magic regeneration
HPRegen  0.07/turn              (no ring)
MPRegen  0.33/turn              (no ring)

@: no status effects
A: no food or potions, cold resistance 1, deterioration 1, negative energy
resistance 3, torment resistance, unbreathing, magic shield, sturdy frame 1,
spell healing
a: no special abilities


You were on level 2 of the Dungeon.
You were not hungry.

You visited 1 branch of the dungeon, and saw 2 of its levels.

You collected 185 gold pieces.

Inventory:

Hand Weapons
 a - a +0 war axe (weapon)
Missiles
 d - 3 throwing nets (quivered) {!f}
Armour
 c - a +0 helmet (worn)
 i - a +0 ring mail (worn)
 l - a +0 chain mail
Jewellery
 h - an amulet of magic regeneration (around neck)
Scrolls
 b - 2 scrolls of identify {unknown}
 e - 2 scrolls of teleportation {unknown}
 f - a scroll of blinking {unknown}
 g - a scroll of noise {unknown}
 j - a scroll of enchant armour {unknown}
 k - a scroll of immolation {unknown}
 m - a scroll of remove curse {unknown}


   Skills:
 + Level 2.6 Fighting
 * Level 4.9 Axes
 - Level 1.7 Throwing
 + Level 1.6 Armour
 - Level 3.0 Dodging


You had 2 spell levels left.
You didn't know any spells.
Your spell library was empty.

Dungeon Overview and Level Annotations

Branches:
Dungeon (2/12)

Altars:

Annotations:
D:2 Robin


Innate Abilities, Weirdness & Mutations

You do not eat or drink.
You are immune to poison.
Your flesh is cold resistant. (rC+)
Your body sometimes deteriorates upon taking damage.
You are immune to negative energy. (rN+++)
You are immune to unholy pain and torment.
You can survive without breathing.
When hurt, damage is shared between your health and your magic reserves.
Your movements are slightly less encumbered by armour. (ER -2)
Casting spells heals you.


Message History

Items here: )) ††† a +0 club; a +0 dagger; a hobgoblin corpse; a goblin corpse x2
You slash the rat!
You kill the rat!
Robin says, "Kneel, worm!"
You hit Robin but do no damage. Robin closely misses you.
Your ring mail prevents you from hitting Robin.
You closely miss the hobgoblin.
The hobgoblin hits you but does no damage.
Robin closely misses you. The hobgoblin misses you.
Your ring mail prevents you from hitting Robin.
You closely miss the hobgoblin. Robin hits you but does no damage.
The hobgoblin closely misses you.
You hit Robin but do no damage. You closely miss the hobgoblin.
Robin hits you but does no damage. The hobgoblin hits you.
* * * LOW HITPOINT WARNING * * *
You hit Robin but do no damage. You hit the hobgoblin.
You kill the hobgoblin!
Robin hits you with a +0 mace.
You die...

.###
#.........# .#
#.........# .#
#......^..# .#
####.........#
.#
.............#
..
####.....#####
.# #.....#.#
.# ....##))#.#
.. #### #@g#.#
## #K##.# #
#..w... ..
#....... ..
....(.... ..
###....... >
#........
......../.


You could see a worm, Robin and a kobold.

Vanquished Creatures
  An ooze (D:1)
  A worm (D:2)
  2 dart slugs
  4 leopard geckos (D:1)
  4 giant cockroaches
  10 goblins
  5 hobgoblins
  A quokka (D:2)
  3 bats
  2 frilled lizards
  3 kobolds
  6 rats
42 creatures vanquished.

Notes
Turn   | Place    | Note
-------+----------+-------------------------------------------
     0 | D:1      | Freyura the Skeleton Gladiator began the quest for the Orb.
     0 | D:1      | Reached XP level 1. HP: 12/12 MP: 1/1
    70 | D:1      | Reached skill level 4 in Axes
    70 | D:1      | Reached XP level 2. HP: 12/17 MP: 2/2
   363 | D:1      | Reached skill level 1 in Armour
  1011 | D:2      | Reached XP level 3. HP: 21/22 MP: 3/3
  1196 | D:2      | Identified the +1 helmet of Obryged {rPois Regen+ SInv}
  1196 | D:2      | Noticed Robin
  1209 | D:2      | HP: 1/22 [goblin[Robin] (1)]
  1219 | D:2      | HP: 1/22 [hobgoblin[Robin] (1)]
  1220 | D:2      | Slain by Robin

Skill      XL: |  1  2 |
---------------+-------+-----
Axes           | 4 |  4.9
Armour         | 1 |  1.6
Fighting       | |  2.6
Throwing       | |  1.7
Dodging        | |  3.0

Action                   || total
-------------------------++-------
Melee: War axe           ||   102
 Stab: Sleeping          ||     1
Armor: Leather armour    ||    13
       Ring mail         ||    28
Dodge: Dodged            ||    86
